 Dungeon Crawl Stone Soup version 0.29-a0-322-g68df515428 (webtiles) character file.

Game seed: 9038909859873469591

215 Cecur the Slasher (level 5, 0/40 HPs)
             Began as a Demonspawn Gladiator on Apr 9, 2022.
             Succumbed to an orc's poison
             ... on level 2 of the Dungeon.
             The game lasted 00:01:38 (2077 turns).

Cecur the Slasher (Demonspawn Gladiator)            Turns: 2077, Time: 00:01:38

Health: 0/40       AC:  4    Str: 14    XL:     5   Next: 60%
Magic:  5/5        EV: 13    Int: 11    God:
Gold:   130        SH:  0    Dex: 17    Spells: 4/4 levels left

rFire   . . .      SeeInvis .   a - +0 long sword
rCold   . . .      Faith    .   (no shield)
rNeg    . . .      Spirit   .   b - +0 leather armour
rPois   .          Reflect  .   c - +0 helmet
rElec   .          Harm     .   (no cloak)
rCorr   .          Rampage  .   (no gloves)
Will    .....                   (no boots)
Stlth   ++........              (no amulet)
HPRegen 0.13/turn               (no ring)
MPRegen 0.09/turn               (no ring)

@: lethally poisoned (0 -> -2)
A: big brain 1, weakness stinger 1
a: no special abilities


You were on level 2 of the Dungeon.
You visited 1 branch of the dungeon, and saw 3 of its levels.

You collected 130 gold pieces.

Inventory:

Hand Weapons
 a - a +0 long sword (weapon)
Missiles
 d - 5 throwing nets (quivered)
 e - a javelin
Armour
 b - a +0 leather armour (worn)
 c - a +0 helmet (worn)
Jewellery
 f - a ring of ice
 m - a ring of poison resistance
Scrolls
 g - 6 scrolls of identify {unknown}
 l - a scroll of fog {unknown}
 n - a scroll of vulnerability {unknown}
 o - a scroll of silence {unknown}
 p - a scroll of amnesia {unknown}
Potions
 h - a potion of brilliance {unknown}
 i - a potion of mutation {unknown}
 j - a potion of invisibility {unknown}
 k - a potion of might {unknown}
 q - a potion of haste {unknown}
 r - a potion of ambrosia {unknown}


   Skills:
 + Level 2.8 Fighting
 + Level 4.3 Long Blades
 + Level 1.9 Throwing
 + Level 1.6 Armour
 + Level 3.3 Dodging
 + Level 1.3 Stealth


You had 4 spell levels left.
You didn't know any spells.
Your spell library was empty.

Dungeon Overview and Level Annotations

Branches:
Dungeon (3/15)

Altars:


Innate Abilities, Weirdness & Mutations

You have an unusually large brain. (Int +2)
You have a small tail.


Message History

The orc is heavily wounded.
You feel sick. The jackal bites you. The orc barely misses you.
The jackal bites you but does no damage.
The jackal closely misses you.
The orc hits you with a +1 dagger of venom.
You are more poisoned.
The orc attacks as you move away!
The orc hits you with a +1 dagger of venom.
You are more poisoned.
The jackal attacks as you move away! The jackal closely misses you.
You feel very sick.
The jackal bites you but does no damage. x2
The jackal attacks as you move away! The jackal closely misses you.
You feel very sick. The jackal attacks as you move away!
The jackal bites you but does no damage.
You feel very sick.
The jackal bites you but does no damage. x2
You feel sick.
* * * LOW HITPOINT WARNING * * *
You feel very sick. The jackal misses you.
There is an escape hatch in the floor here.
You feel sick. The jackal barely misses you. The jackal closely misses you.
You feel sick. The jackal attacks as you move away! The jackal bites you.
* * * LOW HITPOINT WARNING * * *
x2 You feel sick.
The jackal bites you.
* * * LOW HITPOINT WARNING * * *
The jackal barely misses you.
There is a stone staircase leading up here.
* * * LOW HITPOINT WARNING * * *
You feel sick. The jackal barely misses you. x2
You climb upwards.
* * * LOW HITPOINT WARNING * * *
You feel sick.
There is a stone staircase leading down here.
You are too injured to fight recklessly!
You are too injured to fight recklessly!
You die...

÷.........# .........##
......##.######
..............#####
................>.##
.....##....#.####..##########
......####÷).....#..........#
........####)###h#..........#
####..#.# #..# #@h..........#
##.#.# #.## ###..........#
#..## #.# #..<.......# #...#
#.# #..........#
#######.###.### #........>.#
....###.#.....# ############
..............#
..............#
...........)..#


You could see 2 jackals.

Vanquished Creatures
  Sigmund (D:3)
  A gnoll (D:2)
  A worm (D:2)
  A dart slug (D:1)
  7 ball pythons
  2 bats
  3 endoplasms
  4 goblins
  A jackal (D:3)
  3 quokkas
  2 frilled lizards (D:1)
  8 kobolds
  5 rats
39 creatures vanquished.

Vanquished Creatures (others)
  6 plants (D:3)
6 creatures vanquished.

Grand Total: 45 creatures vanquished

Notes
Turn   | Place    | Note
-------+----------+-------------------------------------------
     0 | D:1      | Cecur the Demonspawn Gladiator began the quest for the Orb.
     0 | D:1      | Reached XP level 1. HP: 16/16 MP: 1/1
   275 | D:1      | Gained mutation: You have a small tail. [demonic ancestry]
   275 | D:1      | Reached XP level 2. HP: 22/22 MP: 2/2
   353 | D:1      | Reached skill level 3 in Long Blades
  1170 | D:2      | Reached XP level 3. HP: 24/27 MP: 3/3
  1825 | D:3      | Noticed Sigmund
  1833 | D:3      | Killed Sigmund
  1834 | D:3      | Reached skill level 4 in Long Blades
  1834 | D:3      | Reached skill level 1 in Armour
  1834 | D:3      | Reached skill level 1 in Stealth
  1834 | D:3      | Reached XP level 4. HP: 11/34 MP: 4/4
  1834 | D:3      | Gained mutation: You have an unusually large brain. (Int
                  | +2) [demonic ancestry]
  1834 | D:3      | Reached XP level 5. HP: 12/40 MP: 5/5
  2075 | D:3      | HP: 2/40 [poisoned by an orc]
  2077 | D:2      | Succumbed to an orc's poison

Illustrated notes

Levels and vault maps discovered:
D:1:      shiori_arrival_maze, layout_loops_ring
D:2:      layout_rooms
D:3:      lemuel_castle_with_subvaults [lemuel_castle_interior_original],
          layout_rooms, mainiacjoe_overflow_surrounded_room,
          nicolae_grassy_gnolls, uniq_sigmund

Skill      XL: |  1  2  3 |
---------------+----------+-----
Long Blades    | 3 4 |  4.3
Dodging        | 3 |  3.3
Armour         | 1 |  1.6
Stealth        | 1 |  1.3
Fighting       | |  2.8
Throwing       | |  1.9

Action                   |  1- 3 |  4- 6 || total
-------------------------+-------+-------++-------
Melee: Long sword        |    92 |     4 ||    96
       Tailslap          |     7 |       ||     7
 Stab: Sleeping          |     4 |       ||     4
Armor: Leather armour    |    27 |    12 ||    39
Dodge: Dodged            |    47 |    14 ||    61

Table legend: (Time is in decaauts)
 A = Elapsed time spent in this place.
 B = Non-inter-level travel time spent in this place.
 C = Inter-level travel time spent in this place.
 D = Time resting spent in this place.
 E = Time spent auto-exploring this place.
 F = Levels seen in this place.
 G = Mean time per level.
                   A        B        C        D        E       F      G
               +--------+--------+--------+--------+--------+-----+--------+
         Total |   2101 |   2028 |     73 |      0 |   1733 |   3 |  700.3 |
       Dungeon |   2101 |   2028 |     73 |      0 |   1733 |   3 |  700.3 |
               +--------+--------+--------+--------+--------+-----+--------+

Top non-repeatable levels by time:
     D:1: 1105 daAuts
     D:2: 601 daAuts
     D:3: 394 daAuts
